 Dungeon Crawl Stone Soup version 0.29.0-5-ge4962eb29e (webtiles) character file.

Game seed: 5893481178902543841

505 Arum the Stinger (level 7, -1/14 (46) HPs)
             Began as a Formicid Venom Mage on Aug 29, 2022.
             Slain by a black bear (2 damage)
             ... on level 4 of the Dungeon.
             The game lasted 00:09:39 (4567 turns).

Arum the Stinger (Formicid Venom Mage)              Turns: 4567, Time: 00:09:40

HP:   -1/14 (46)    AC:  2    Str: 13    XL:     7   Next: 41%
MP:   10/16         EV: 12    Int: 16    God:
Gold: 221           SH:  0    Dex: 20    Spells: 8/18 levels left

rFire   . . .      SeeInvis +   r - staff of air
rCold   . . .      Faith    .   (no shield)
rNeg    . . .      Spirit   .   a - +0 robe
rPois   .          Reflect  .   (helmet unavailable)
rElec   +          Harm     .   (no cloak)
rCorr   .          Rampage  .   (no gloves)
Will    .....                   (no boots)
Stlth   +.........              s - amulet of magic regeneration
HPRegen 0.04/turn               e - +6 ring of dexterity
MPRegen 0.55/turn               (no ring)

@: extremely drained, very slow
A: permanent stasis, dig shafts and tunnels, antennae 3, four strong arms
a: Dig, Shaft Self


You were on level 4 of the Dungeon.
You visited 1 branch of the dungeon, and saw 4 of its levels.
You also visited: Sewer.

You collected 221 gold pieces.

Inventory:

Missiles
 n - 4 javelins
Armour
 a - a +0 robe (worn)
 g - a +2 buckler
Magical Staves
 j - a staff of cold
 r - a staff of air (weapon)
Jewellery
 e - a +6 ring of dexterity (left hand)
 s - an amulet of magic regeneration (around neck)
Wands
 l - a wand of flame (29)
Scrolls
 c - a scroll of fear {unknown}
 f - a scroll of magic mapping
 h - 5 scrolls of identify
 k - 3 scrolls of blinking {unknown}
 m - 3 scrolls of teleportation {unknown}
 y - a scroll of fog {unknown}
Potions
 b - a potion of magic
 d - a potion of berserk rage {unknown}
 i - 2 potions of might {unknown}
 o - a potion of brilliance
 p - 2 potions of curing {unknown}
 q - a potion of attraction {unknown}
 t - a potion of mutation {unknown}
 u - 2 potions of heal wounds {unknown}
 v - a potion of flight {unknown}
 w - a potion of resistance {unknown}
 x - a potion of invisibility {unknown}
 z - a potion of degeneration {unknown}
 A - 2 potions of cancellation {unknown}


   Skills:
 - Level 1.7 Dodging
 - Level 2.4 Stealth
 * Level 6.2 Spellcasting
 + Level 0.0 Conjurations
 - Level 1.1 Transmutations
 + Level 7.0 Poison Magic


You had 8 spell levels left.
You knew the following spells:

 Your Spells              Type           Power      Damage    Failure   Level
a - Sting                 Tmut/Pois      72%        1d6       2%          1
b - Mephitic Cloud        Conj/Pois/Air  18%        N/A       16%         3
c - Poisonous Vapours     Pois/Air       48%        N/A       4%          2
d - Olgreb's Toxic Radia  Pois           27%        N/A       8%          4

Your spell library contained the following spells:

 Spells                   Type           Power      Damage    Failure   Level
 Shock                    Conj/Air       28%        1d4       14%         1
 Airstrike                Air            3%         2d(1-17)  80%         4
 Swiftness                Air            Unusable   N/A       N/A         3

Dungeon Overview and Level Annotations

Branches:
Dungeon (4/15)              Sewer (visited)
 Temple: D:4-7

Altars:


Innate Abilities, Weirdness & Mutations

You cannot be hasted, slowed, berserked, paralysed or teleported.
You can dig through walls and to a lower floor.
You have a pair of large antennae on your head. (SInv)
Your four strong arms can wield two-handed weapons with a shield.


Message History

A goblin comes into view. It is wielding a +0 dagger.
You feel a surge of power!
Poisonous vapours surround the goblin!
The goblin is poisoned.
The goblin shouts!
You feel a surge of power!
Poisonous vapours surround the goblin!
The goblin looks as sick as possible!
You kill the goblin!
A black bear comes into view.
You feel a surge of power!
Poisonous vapours surround the black bear!
The black bear is poisoned.
The black bear growls angrily.
You feel a surge of power!
Poisonous vapours surround the black bear!
The black bear looks even sicker.
You feel a surge of power!
Poisonous vapours surround the black bear!
The black bear looks even sicker.
You feel a surge of power!
Poisonous vapours surround the black bear!
The black bear looks as sick as possible!
You feel a surge of power!
Poisonous vapours surround the black bear!
The black bear looks as sick as possible!
You feel a surge of power!
Poisonous vapours surround the black bear!
The black bear looks as sick as possible!
The black bear attacks as you move away!
The black bear misses you.
The black bear claws you but does no damage.
The black bear claws you.
You enter the shallow water.
Moving in this stuff is going to be slow.
The black bear goes berserk!
The black bear attacks as you move away!
The black bear bites you. The black bear misses you. The black bear claws you.
* * * LOW HITPOINT WARNING * * *
The black bear rages.
The black bear bites you.
You die...

**,,*,**
##..........##
##.......
**,*,*
##.......###
#........
**,**
######.#####
#........ **,*
##~#####.~##
#........ *,**
#~~~~~~~~~~#
#........ *,*
#~~~####~~~#
##....... ***
##~##~~##~##
#.......
#~#~.~~#h#
#.......
#~#~~~~#@#
##......
##÷##~~##~##
#......
#~~~#~~#~~~#
##.....
#~~~~~~#~~~#
#.....
##~######†##
##..). ###
#.## ###..
#..## ###.
##..#### ##...
##....# ##....


You could see a black bear (berserk, very poisoned).

Vanquished Creatures
  Sigmund (D:3)
  Pargi (D:3)
  A scorpion (D:4)
  7 adders
  3 river rats (Sewer)
  A dart slug (D:1)
  An orc (D:3)
  4 ball pythons
  9 endoplasms
  7 giant cockroaches
  7 goblins
  6 hobgoblins
  5 quokkas
  7 bats
  9 frilled lizards
  6 kobolds
  13 rats
88 creatures vanquished.

Notes
Turn   | Place    | Note
-------+----------+-------------------------------------------
     0 | D:1      | Arum the Formicid Venom Mage began the quest for the Orb.
     0 | D:1      | Reached XP level 1. HP: 13/13 MP: 3/3
   270 | D:1      | Reached XP level 2. HP: 19/19 MP: 0/5
   863 | D:1      | Reached XP level 3. HP: 24/24 MP: 5/7
   974 | D:1      | Learned a level 3 spell: Mephitic Cloud
   977 | D:1      | Learned a level 2 spell: Poisonous Vapours
  1177 | D:2      | Found a faded altar of an unknown god.
  2168 | D:3      | Reached skill level 5 in Poison Magic
  2168 | D:3      | Reached XP level 4. HP: 30/30 MP: 2/9
  2318 | D:3      | Noticed Pargi
  2816 | D:3      | Noticed Sigmund
  2830 | D:3      | Killed Sigmund
  2831 | D:3      | Reached skill level 5 in Spellcasting
  2831 | D:3      | Reached skill level 6 in Poison Magic
  2831 | D:3      | Reached XP level 5. HP: 25/35 MP: 1/12
  2831 | D:3      | Reached XP level 6. HP: 29/41 MP: 1/13
  2836 | D:3      | Learned a level 4 spell: Olgreb's Toxic Radiance
  3378 | D:3      | Killed Pargi
  3512 | D:4      | Reached XP level 7. HP: 38/46 MP: 12/15
  3581 | D:4      | Found a glowing drain.
  3588 | Sewer    | Entered a sewer
  4452 | D:4      | Reached skill level 7 in Poison Magic
  4567 | D:4      | Slain by a black bear

Illustrated notes

Levels and vault maps discovered:
D:1:      nzn_arrival_depleted_hourglass, layout_rooms
D:2:      layout_basic, basic_ecumenical_altar, grunt_ministairs_3, st_stairs_12
D:3:      layout_rooms, minmay_misc_feat_nine_boxes, uniq_sigmund, uniq_pargi
D:4:      layout_cave_pods, gup_sewer_entry_bubbles

Skill      XL: |  1  2  3  4  5  6  7 |
---------------+----------------------+-----
Spellcasting   | 3 5 6 |  6.2
Poison Magic   | 5 6 7 |  7.0
Dodging        | |  1.7
Stealth        | |  2.4
Transmutations | |  1.1

Action                   |  1- 3 |  4- 6 |  7- 9 || total
-------------------------+-------+-------+-------++-------
Melee: Unarmed           |    18 |     3 |       ||    21
       Punch             |     1 |     1 |     1 ||     3
       Staff             |       |    14 |    29 ||    43
 Cast: Sting             |    74 |    17 |       ||    91
       Poisonous Vapours |     1 |    35 |    61 ||    97
       Olgreb's Toxic Ra |       |     1 |     1 ||     2
       Mephitic Cloud    |       |     1 |       ||     1
 Abil: Dig               |       |       |     4 ||     4
Evoke: Wand              |       |     3 |       ||     3
  Use: Scroll            |       |     4 |       ||     4
 Stab: Sleeping          |       |       |     1 ||     1
Armor: Robe              |    13 |     6 |     3 ||    22
Dodge: Dodged            |    27 |    19 |    28 ||    74
